Map: Oxide LE

Players

Dream - Winner!

  • Race: Terran Terran
  • Spawn Location: 1:00

Trap

  • Race: Protoss Protoss
  • Spawn Location: 7:00

Event: IEM Katowice 2021

VOD

Have the link to the VOD?

Description

Time

  • Played on: Feb. 24, 2021, 1:32 p.m.
  • Length: 21:22

All games in this series

Show
View Real Time Build Order
Export as new Build Order

Dream Terran - Winner!

Build Orders:  

Get SALT Encoding   

  12  0:00  SCV  
  13  0:12  SCV  
  14  0:17  Supply Depot  
  14  0:24  SCV  
  15  0:38  SCV  
  15  0:39  Barracks  
  16  0:44  Refinery  
  16  0:50  SCV  
  17  1:02  SCV  
  18  1:15  SCV  
  19  1:25  Marine  
  19  1:27  Orbital Command  
  20  1:42  Command Center  
  20  1:53  Factory  
  20  1:55  SCV  
  21  2:04  Barracks Reactor  
  21  2:07  SCV  
  21  2:08  Supply Depot  
  22  2:14  Bunker  
  22  2:19  SCV  
  23  2:23  Refinery  
  23  2:31  SCV  
  24  2:42  Starport  
  26  2:44  Hellion  
  26  2:45  Hellion  
  26  2:47  SCV  
  29  2:57  Orbital Command  
  29  2:59  SCV  
  30  3:06  Widow Mine  
  30  3:09  Widow Mine  
  34  3:13  SCV  
  34  3:19  Medivac  
  37  3:23  SCV  
  37  3:25  SCV  
  39  3:28  Widow Mine  
  39  3:30  Widow Mine  
  39  3:31  Supply Depot  
  43  3:35  SCV  
  43  3:37  SCV  
  43  3:39  Refinery  
  43  3:40  Barracks Tech Lab  
  45  3:47  SCV  
  46  3:51  Starport Tech Lab  
  46  3:53  SCV  
  47  3:57  Supply Depot  
  47  3:59  SCV  
  48  4:04  Engineering Bay  
  48  4:05  SCV  
  48  4:07  Siege Tank  
  52  4:10  Marine x2  
  52  4:13  Supply Depot  
  54  4:19  SCV x2  
  54  4:28  Marine x2  
  54  4:31  SCV x2  
  56  4:32  Viking  
  56  4:41  Cyclone  
  56  4:43  SCV x2  
  59  4:47  Marine x2  
  55  4:55  SCV, Command Center  
  55  4:59  SCV, Missile Turret  
  57  5:03  Raven  
  57  5:06  Marine, Terran Infantry Weapons Level 1  
  57  5:07  SCV, Marine  
  60  5:12  SCV  
  60  5:14  Missile Turret  
  61  5:19  SCV  
  62  5:23  Barracks  
  62  5:24  SCV  
  63  5:31  SCV  
  63  5:33  Barracks  
  63  5:35  Stimpack, Marine  
  64  5:36  SCV  
  64  5:41  Supply Depot  
  64  5:42  Refinery, Factory Reactor  
  65  5:43  SCV  
  65  5:47  Supply Depot  
  65  5:48  SCV  
  67  5:53  Marine  
  67  5:55  SCV, Starport Reactor  
  69  6:00  SCV  
  70  6:05  Barracks, Supply Depot  
  70  6:07  Barracks  
  70  6:08  SCV  
  70  6:09  Orbital Command  
  70  6:11  Marine  
  71  6:15  SCV  
  71  6:20  SCV, Marine x2  
  71  6:23  Combat Shield  
  71  6:24  Widow Mine x2  
  71  6:25  Marauder  
  80  6:27  SCV  
  80  6:29  Marine  
  80  6:32  SCV  
  83  6:33  Supply Depot  
  83  6:38  Medivac x2  
  83  6:39  SCV  
  88  6:40  Marine x2  
  88  6:44  SCV  
  88  6:46  Marine x2  
  93  6:48  Engineering Bay, Armory  
  93  6:49  Orbital Command  
  93  6:51  SCV  
  94  6:56  SCV  
  94  6:57  Widow Mine x2  
  94  6:59  Supply Depot  
  99  7:02  Marine  
  99  7:03  SCV, Marine, Barracks Tech Lab  
  99  7:04  Barracks Reactor  
  99  7:08  SCV  
  103  7:14  Marauder x2  
  107  7:15  SCV  
  107  7:16  SCV, Terran Infantry Armor Level 1  
  107  7:20  SCV  
  107  7:21  Medivac  
  112  7:26  Widow Mine  
  112  7:27  Medivac, SCV  
  117  7:33  Marine x2  
  117  7:34  Terran Infantry Weapons Level 2  
  117  7:35  SCV, Marauder  
  120  7:47  SCV x2  
  120  7:49  Marauder  
  124  7:51  Marine  
  124  7:53  Supply Depot x2  
  124  7:54  Marauder, Marine  
  124  7:56  Refinery x2  
  128  8:00  Supply Depot x2  
  128  8:01  SCV, Supply Depot, Ghost Academy  
  128  8:05  Marauder, Marine  
  132  8:13  Marauder  
  132  8:17  Supply Depot x2  
  133  8:26  Terran Ship Weapons Level 1, Viking  
  135  8:27  Viking  
  135  8:28  Command Center  
  137  8:37  Marine x2  
  137  8:39  Marine  
  139  8:43  Marine  
  139  8:45  Ghost x3  
  144  8:52  Enhanced Shockwaves  
  144  8:56  SCV x3  
  144  9:00  Marine x2  
  144  9:01  Marine  
  150  9:14  Marine, Ghost x2  
  155  9:19  Viking  
  155  9:21  Viking  
  155  9:22  Barracks x2  
  159  9:24  Barracks  
  159  9:28  Marine x3  
  158  9:34  Terran Infantry Armor Level 2  
  158  9:39  Marine  
  158  9:43  Widow Mine x2  
  158  9:45  SCV x3, Marine x2  
  164  9:46  Marine  
  164  9:50  Marauder x2  
  164  9:51  Marauder  
  173  9:57  SCV x3  
  173  9:59  Planetary Fortress  
  176  10:05  Refinery, Sensor Tower  
  176  10:06  Refinery  
  176  10:09  SCV, Marine x3  
  176  10:10  Marine  
  181  10:14  Terran Infantry Weapons Level 3  
  181  10:15  SCV  
  181  10:16  Barracks Reactor  
  181  10:19  Barracks Tech Lab x2  
  183  10:21  SCV  
  183  10:25  SCV  
  183  10:27  Sensor Tower  
  172  10:30  Marine x3  
  172  10:31  Marine x2  
  172  10:32  SCV  
  172  10:33  SCV  
  179  10:35  Ghost x2  
  179  10:40  Ghost  
  185  10:46  Command Center  
  185  10:48  Missile Turret  
  185  10:54  Ghost x2  
  185  10:55  Marine x2  
  185  10:56  Marine  
  192  10:58  Medivac  
  194  11:05  Medivac  
  196  11:11  Ghost  
  196  11:12  Ghost  
  200  11:23  Command Center  
  200  11:24  Command Center  
  200  11:25  Missile Turret  
  200  11:39  Terran Ship Weapons Level 2  
  198  11:45  Command Center  
  194  12:04  Terran Infantry Armor Level 3  
  194  12:07  Viking x2  
  198  12:29  Supply Depot  
  190  12:48  Marine, Ghost  
  190  12:49  Marauder  
  190  12:50  Marauder, Ghost  
  196  12:51  Marauder, Marine  
  196  12:52  Marine x2  
  196  12:54  Widow Mine  
  196  12:57  Medivac x2  
  196  12:58  Marine  
  193  13:10  Marauder  
  193  13:11  Marauder  
  193  13:12  Orbital Command  
  196  13:13  Marauder, Marine x2  
  196  13:16  Widow Mine  
  196  13:17  Marauder  
  200  13:20  Marauder  
  200  13:24  Marine  
  197  13:34  Marauder  
  197  13:41  Ghost  
  198  13:49  Planetary Fortress  
  198  14:02  Missile Turret  
  198  14:06  Missile Turret  
  191  14:17  Marine, Ghost  
  191  14:18  Marauder  
  191  14:19  Marine  
  191  14:23  Marauder  
  191  14:24  Marauder x2  
  179  14:26  Marine x2  
  179  14:28  Marine x2  
  179  14:29  Planetary Fortress  
  181  14:31  Missile Turret  
  181  14:32  Refinery, Orbital Command  
  181  14:33  Refinery  
  181  14:34  Command Center  
  181  14:36  Command Center  
  173  14:39  Marauder  
  173  14:43  Marine  
  173  14:45  Marauder x3  
  163  14:46  Marauder, Marine x2  
  163  14:52  Marine x3  
  148  14:53  Widow Mine  
  148  14:56  Viking x2  
  148  15:01  Marauder, Marine  
  148  15:06  Marauder x2, Ghost  
  150  15:08  Marauder  
  150  15:11  Marine  
  150  15:12  Marine  
  150  15:14  Marine  
  142  15:16  Marine  
  142  15:18  Marine  
  142  15:19  Marine  
  146  15:21  SCV x2, Ghost  
  146  15:22  SCV  
  146  15:26  Viking x2  
  146  15:27  Ghost, Factory Reactor  
  146  15:28  Marauder  
  154  15:29  Marauder, Marine, Terran Ship Weapons Level 3  
  154  15:30  Marine  
  154  15:31  Marine  
  154  15:32  Starport  
  154  15:34  Marine, Ghost  
  162  15:37  Missile Turret  
  162  15:39  Sensor Tower  
  162  15:41  Marine x2  
  164  15:47  Marine x2, Missile Turret  
  164  15:48  Ghost  
  164  15:49  Marine  
  169  15:50  Ghost  
  169  15:51  Marauder  
  169  15:52  Marine  
  169  15:55  Ghost  
  169  15:56  Medivac x2  
  175  15:59  Marine  
  175  16:00  Marine  
  175  16:03  Ghost  
  136  16:07  Marine x3  
  124  16:12  Marauder, Marine  
  124  16:17  Marine, Ghost  
  124  16:18  Marine, Ghost  
  117  16:24  Ghost  
  117  16:25  Marine x3  
  124  16:26  Medivac  
  124  16:30  Marine  
  124  16:31  Viking  
  124  16:32  Marauder, Ghost  
  129  16:35  Marine x2  
  122  16:43  Marine x3  
  122  16:46  Marauder  
  127  16:47  Marauder, Viking x2  
  127  16:48  Marine  
  127  16:52  Marine, Ghost  
  127  16:53  Marauder, Marine  
  140  16:56  Viking  
  140  17:01  Marine x3, Viking  
  145  17:02  Marauder  
  145  17:04  Orbital Command  
  145  17:05  Marine  
  145  17:08  Marauder, Ghost  
  152  17:10  Marine  
  152  17:11  Marine  
  152  17:14  Ghost  
  158  17:17  Missile Turret  
  158  17:18  Marine  
  158  17:19  Marine x2  
  158  17:20  Sensor Tower  
  158  17:22  Marauder, Ghost  
  163  17:23  Marine  
  163  17:28  Marine  
  163  17:29  Marauder, Marine  
  166  17:36  Liberator x2, Marine  
  166  17:37  Liberator x2, Ghost  
  173  17:38  Marine  
  173  17:43  Marauder  
  176  17:55  Marine, Ghost  
  176  17:56  Marauder  
  176  17:58  Marine, Ghost  
  156  18:00  Marine x2  
  156  18:01  Marine x2  
  156  18:04  Marauder  
  158  18:06  Marauder  
  146  18:13  Marine  
  146  18:16  Marine, Ghost  
  146  18:18  Marine x2  
  146  18:19  Medivac x2  
  154  18:23  Liberator x2  
  154  18:24  Marauder, Marine  
  154  18:26  Marauder  
  164  18:27  Marauder  
  164  18:31  Marauder  
  164  18:32  Marine  
  167  18:40  Marine x2  
  169  18:42  Marine  
  169  18:46  Marauder x2  
  169  18:47  Marauder  
  176  18:49  Medivac x2  
  176  18:53  Marauder x2, Marine x3  
  187  18:58  Marine x2  
  187  19:00  Marine  
  190  19:06  Ghost x2  
  189  19:12  Marine, Ghost  
  189  19:13  Marine, Ghost  
  189  19:14  Marauder  
  189  19:15  Marine  
  198  19:20  Missile Turret  
  196  19:26  Marine x2  
  194  19:35  Marauder, Marine, Ghost x2  
  194  19:36  Marine  
  194  19:38  Marine  
  183  19:41  Marauder, Concussive Shells  
  183  19:43  Marauder  
  170  19:49  Marine  
  170  19:50  Marine  
  159  19:56  Marine x2, Ghost  
  159  19:57  Marine  
  169  20:00  Viking x2  
  164  20:02  Marauder  
  164  20:04  Marauder x2  
  164  20:06  Viking  
  176  20:10  Marauder, Marine x2  
  176  20:12  Marine  
  163  20:21  Marine  
  163  20:22  Marine x2  
  163  20:24  Marauder  
  163  20:25  Marauder x3  
  163  20:28  Marine x2  
  174  20:30  Marine  
  174  20:31  Marine  
  172  20:39  Marine  
  172  20:40  Marine x2  
  172  20:41  Viking x3  
  172  20:42  Viking  
  166  20:45  Marauder  
  166  20:46  Marine x2  
  166  20:47  Marauder  
  171  20:55  Marine  
Show
View Real Time Build Order
Export as new Build Order

Trap Protoss 

Build Orders: 1 Gate Expand, Phoenix Opening 

Get SALT Encoding   

  12  0:00  Probe  
  13  0:12  Probe  
  14  0:17  Pylon  
  14  0:24  Probe (Chrono Boost)  
  15  0:36  Probe (Chrono Boost)  
  15  0:38  Gateway  
  16  0:45  Probe (Chrono Boost)  
  16  0:47  Assimilator  
  17  0:50  Probe  
  18  1:02  Probe  
  19  1:15  Probe  
  20  1:25  Cybernetics Core  
  20  1:34  Nexus  
  21  1:41  Pylon  
  21  1:43  Probe  
  21  1:50  Assimilator  
  21  1:55  Probe  
  21  1:58  Stalker (Chrono Boost)  
  24  2:07  Probe  
  25  2:19  Adept (Chrono Boost), Probe  
  28  2:28  Stargate  
  28  2:31  Probe  
  29  2:37  Warp Gate  
  29  2:42  Adept  
  31  2:48  Probe (Chrono Boost)  
  31  2:51  Probe (Chrono Boost)  
  33  2:57  Probe (Chrono Boost)  
  35  3:00  Probe (Chrono Boost)  
  35  3:02  Probe (Chrono Boost)  
  36  3:10  Probe  
  36  3:12  Phoenix (Chrono Boost)  
  37  3:14  Probe  
  40  3:22  Probe  
  40  3:25  Pylon  
  40  3:26  Probe  
  42  3:28  Phoenix (Chrono Boost)  
  42  3:32  Gateway  
  44  3:34  Probe  
  44  3:39  Probe  
  46  3:45  Shield Battery  
  46  3:46  Probe  
  47  3:51  Probe, Phoenix (Chrono Boost)  
  50  3:58  Robotics Facility, Probe  
  50  4:00  Pylon  
  51  4:03  Probe  
  51  4:07  Assimilator  
  52  4:10  Assimilator  
  52  4:11  Probe  
  52  4:15  Probe  
  54  4:18  Phoenix  
  54  4:23  Probe  
  57  4:27  Probe  
  53  4:35  Probe  
  53  4:41  Probe (Chrono Boost)  
  54  4:46  Phoenix  
  54  4:47  Probe (Chrono Boost)  
  54  4:51  Pylon  
  58  4:54  Probe (Chrono Boost)  
  58  4:57  Observer, Probe (Chrono Boost)  
  60  5:02  Probe (Chrono Boost)  
  60  5:03  Nexus  
  60  5:05  Probe (Chrono Boost)  
  62  5:07  Probe (Chrono Boost)  
  62  5:12  Robotics Bay  
  64  5:14  Probe  
  64  5:17  Adept  
  64  5:18  Probe  
  67  5:25  Pylon  
  67  5:28  Pylon, Observer (Chrono Boost)  
  68  5:29  Probe  
  68  5:30  Probe  
  70  5:42  Immortal (Chrono Boost)  
  70  5:43  Probe  
  70  5:44  Probe  
  76  5:52  Pylon, Extended Thermal Lance  
  76  5:56  Probe x2  
  78  6:08  Probe x2  
  78  6:11  Colossus (Chrono Boost)  
  86  6:21  Gateway  
  86  6:22  Forge, Probe  
  86  6:23  Probe  
  86  6:24  Probe  
  86  6:25  Twilight Council  
  89  6:26  Sentry  
  89  6:29  Sentry  
  89  6:32  Pylon  
  93  6:35  Probe x2  
  93  6:36  Probe  
  93  6:38  Pylon  
  96  6:44  Assimilator x2  
  97  6:47  Probe x2  
  97  6:48  Probe  
  97  6:51  Colossus (Chrono Boost)  
  105  7:02  Stalker, Sentry  
  105  7:04  Probe x3  
  105  7:06  Protoss Ground Weapons Level 1 (Chrono Boost)  
  111  7:10  Gateway x2, Charge (Chrono Boost)  
  111  7:12  Gateway  
  111  7:18  Observer  
  111  7:19  Pylon  
  111  7:23  Gateway  
  111  7:25  Gateway  
  111  7:33  Templar Archives  
  111  7:42  Warp Prism (Chrono Boost), Zealot x3  
  113  7:45  Shield Battery  
  113  7:50  Photon Cannon  
  112  7:57  Photon Cannon  
  112  7:58  Nexus  
  112  8:10  High Templar x2  
  112  8:11  Observer  
  117  8:13  Zealot x3  
  117  8:18  High Templar  
  117  8:19  Zealot x2  
  129  8:22  Pylon  
  129  8:24  Archon  
  129  8:30  Pylon, Robotics Facility, Probe x3  
  129  8:33  Pylon  
  126  8:52  High Templar x3  
  126  8:53  Zealot x5  
  142  8:56  Photon Cannon  
  142  8:59  Archon, Disruptor (Chrono Boost)  
  145  9:04  Archon  
  145  9:06  Protoss Ground Weapons Level 2 (Chrono Boost)  
  145  9:11  Forge  
  145  9:12  Blink  
  145  9:13  Shield Battery  
  145  9:14  Probe x3  
  145  9:15  Shield Battery, Photon Cannon, Disruptor (Chrono Boost)  
  137  9:18  Pylon  
  137  9:21  Photon Cannon  
  137  9:26  Disruptor (Chrono Boost)  
  137  9:28  Probe  
  137  9:29  Probe  
  132  9:32  Zealot  
  132  9:38  Probe x2  
  136  9:40  Probe  
  136  9:43  Protoss Ground Armor Level 1 (Chrono Boost)  
  137  9:47  Disruptor (Chrono Boost)  
  137  9:51  Disruptor (Chrono Boost)  
  143  9:53  Probe x4, Observer  
  147  10:03  Stalker x2  
  147  10:04  Stalker  
  147  10:05  Stalker  
  155  10:10  Probe  
  155  10:11  Probe x3  
  155  10:13  Warp Prism (Chrono Boost)  
  157  10:18  Disruptor (Chrono Boost)  
  157  10:32  Probe x4  
  157  10:33  Assimilator x2  
  161  10:36  Dark Shrine  
  161  10:44  Probe x3  
  161  10:45  Probe  
  161  10:47  Zealot x3  
  161  10:48  Zealot  
  171  10:59  Stalker x4  
  171  11:01  Photon Cannon  
  177  11:10  Nexus  
  177  11:13  Pylon  
  175  11:22  Disruptor  
  178  11:30  Disruptor  
  181  11:33  Pylon, Protoss Ground Weapons Level 3 (Chrono Boost)  
  181  11:35  Pylon  
  181  11:37  Photon Cannon  
  181  11:39  Photon Cannon  
  181  11:40  Photon Cannon  
  181  11:41  Shadow Stride (Chrono Boost)  
  181  11:42  Protoss Ground Armor Level 2 (Chrono Boost)  
  181  11:45  Zealot x4  
  181  11:46  Zealot  
  169  11:57  Dark Templar, Disruptor  
  169  11:58  Dark Templar  
  176  12:07  Gateway  
  176  12:08  Gateway  
  176  12:10  Gateway  
  176  12:13  Gateway  
  174  12:17  Stargate  
  174  12:18  Dark Templar  
  176  12:35  Dark Templar  
  176  12:36  Dark Templar x6  
  167  12:55  Stalker  
  160  13:03  Colossus x2  
  166  13:14  Zealot x5  
  166  13:15  Zealot x6  
  186  13:26  Photon Cannon  
  186  13:29  Photon Cannon  
  176  13:47  Dark Templar x6  
  176  13:48  Dark Templar x4  
  186  13:54  Protoss Shields Level 1 (Chrono Boost)  
  180  13:58  Colossus (Chrono Boost)  
  180  13:59  Immortal (Chrono Boost)  
  174  14:20  Stalker x5  
  174  14:21  Stalker, Zealot x6  
  188  14:29  Archon  
  188  14:30  Archon x4, Observer (Chrono Boost)  
  189  14:36  Photon Cannon  
  189  14:37  Photon Cannon  
  182  14:38  Shield Battery  
  182  14:39  Observer (Chrono Boost)  
  164  14:50  Stalker x10  
  164  14:52  Zealot x2  
  163  14:55  Warp Prism (Chrono Boost)  
  163  14:59  Observer (Chrono Boost)  
  134  15:24  Dark Templar x3  
  134  15:25  Zealot x7, Dark Templar  
  156  15:28  Protoss Ground Armor Level 3 (Chrono Boost)  
  156  15:47  Stalker x5  
  165  16:01  Zealot x5  
  150  16:04  Zealot x2  
  117  16:19  High Templar  
  117  16:20  Zealot, High Templar x3  
  117  16:24  Archon x2  
  127  16:26  Zealot x7  
  127  16:31  Colossus (Chrono Boost)  
  131  16:41  Colossus (Chrono Boost)  
  137  16:50  Nexus  
  136  17:01  Zealot x3, Dark Templar x2  
  146  17:19  Colossus (Chrono Boost), Observer (Chrono Boost)  
  146  17:20  Assimilator x2  
  151  17:33  Dark Templar  
  151  17:34  Zealot x2  
  151  17:35  Zealot x7  
  169  17:37  Disruptor (Chrono Boost)  
  116  17:59  Sentry x2  
  116  18:00  Zealot x9  
  128  18:09  Colossus (Chrono Boost)  
  128  18:10  Disruptor (Chrono Boost)  
  117  18:24  Stalker x4, Zealot  
  117  18:25  Zealot  
  126  18:33  Pylon  
  126  18:34  Zealot  
  126  18:35  Zealot, Dark Templar  
  126  18:40  Disruptor (Chrono Boost)  
  134  18:52  Stalker x3  
  134  18:53  Zealot x4  
  148  19:00  Assimilator x2  
  148  19:07  Disruptor (Chrono Boost)  
  145  19:15  Disruptor (Chrono Boost)  
  146  19:28  Stalker x3  
  146  19:29  Zealot x6  
  98  19:56  Dark Templar  
  98  19:57  Zealot x6, Dark Templar  
  98  19:58  Zealot x2, Dark Templar  
  98  19:59  Zealot  
  105  20:22  Stalker x5  
  115  20:31  Stalker, Zealot x3  
  100  20:54  Stalker x3, Zealot x2  
  108  21:00  Dark Templar  
  98  21:16  Zealot x3  

Tags
 
Add a new tag
Caveats
  • Supply blocks, unpowered buildings, or Contaminate may cause inaccurate times.
  • Supply counts are checked every 10 seconds.